 Dungeon Crawl Stone Soup version 0.32-a0-999-gfa1cc04b1d (webtiles) character file.

Game seed: 4120354408261289771

3 GiantSquids the Sneak (level 1, 0/16 HPs)
             Began as an Octopode Delver on Apr 25, 2024.
             Slain by Grinder (2 damage)
             ... on level 3 of the Dungeon.
             The game lasted 00:00:44 (101 turns).

GiantSquids the Sneak (Octopode Delver)              Turns: 101, Time: 00:00:45

Health: 0/16       AC:  1    Str: 11    XL:     1   Next: 50%
Magic:  1/1        EV: 12    Int: 12    God:
Gold:   5          SH:  0    Dex: 13    Spells: 0/0 levels left

rFire   . . .        a - +0 short sword
rCold   . . .        (no shield)
rNeg    . . .        (helmet restricted)
rPois   .            (no amulet)
rElec   .            (no ring)
rCorr   .            (no ring)
SInv    .            (no ring)
Will    .....        (no ring)
Stlth   ++++         (no ring)
HPRegen 0.22/turn    (no ring)
MPRegen 0.07/turn    (no ring)
                     (no ring)

%: no passive effects
@: no status effects
A: almost no armour, amphibious, 8 rings, camouflage 1, gelatinous body 1,
(nimble swimmer 1), tentacles
a: no special abilities


You were on level 3 of the Dungeon.
You visited 1 branch of the dungeon, and saw 3 of its levels.

You collected 5 gold pieces.

Inventory:

Hand Weapons
 a - a +0 short sword (weapon)
Jewellery
 g - a +6 ring of strength
Wands
 f - a wand of digging (3)
Scrolls
 b - a scroll of fog
 c - a scroll of revelation
 d - a scroll of fear
Potions
 e - a potion of haste


   Skills:
 - Level 3.0 Fighting
 * Level 2.2 Short Blades
 - Level 2.0 Dodging
 + Level 6.7 Stealth


You couldn't memorise any spells.
You didn't know any spells.
Your spell library was empty.

Dungeon Overview and Level Annotations

Branches:
Dungeon (5/15)
 Temple: D:4-7

Altars:

Annotations:
D:3 Grinder


Innate Abilities, Weirdness & Mutations

You cannot wear most types of armour.
You are amphibious.
You can wear up to eight rings at the same time.
Your skin changes colour to match your surroundings (Stealth+).
Your rubbery body absorbs attacks. (AC +1, EV +1)
((You are camouflaged when in or above water. (Stealth+)))
You have tentacles for arms and can constrict up to eight enemies at once.


Message History

A bombardier beetle comes into view.
Found a scroll labelled VIKLOE ZOIG.
Found a stone staircase leading up.
There is a stone staircase leading up here.
You climb upwards.
Found a scroll labelled DIC PEBRIO, 12 stones and 11 gold pieces.
Found a stone staircase leading up.
There is a stone staircase leading down here.
Found 4 gold pieces.
The endoplasm quivers.
A goblin and an orc come into view.
The orc is wielding a +2 flail of holy wrath.
The goblin shouts!
You hear a shout!
Found a ring mail.
You hit the goblin but do no damage. You grab the goblin.
You constrict the goblin.
Okay, then.
You release your grip on the goblin.
Found 9 gold pieces.
The endoplasm completely misses you.
You hit Grinder. Your grab misses Grinder.
Grinder is lightly wounded.
The goblin barely misses you.
You barely miss Grinder. You grab Grinder.
Grinder is lightly wounded.
You constrict Grinder.
Grinder says, "There's only one good use for a tongue: cutting it out."
Grinder closely misses you. The endoplasm misses you.
The goblin closely misses you.
You completely miss Grinder. You squeeze Grinder.
Grinder is moderately wounded.
You constrict Grinder. Grinder hits you.
You writhe in agony.
The endoplasm closely misses you. The goblin hits you with a +0 dagger.
You hit Grinder.
Grinder is heavily wounded.
You constrict Grinder. Grinder hits you!
Ouch! That really hurt!
* * * LOW HITPOINT WARNING * * *
You writhe in agony.
You die...
Grinder sighs, "Dead already?
I want a refund."

..# ####..
...... ......#
## .......
###...
........##...$
....$......#
........5@.#
........J#g#
.....<.(.#o#
..(......#.##
?...........#
.........#..#
.........#...#
.......>##.#.#
........#[.....


You could see Grinder, an orc, an endoplasm and a goblin.

Vanquished Creatures
  An orc (D:4)
  2 ball pythons (D:4)
3 creatures vanquished.

Notes
Turn   | Place    | Note
-------+----------+-------------------------------------------
     0 | D:5      | GiantSquids the Octopode Delver began the quest for the
                  | Orb.
     0 | D:5      | Reached XP level 1. HP: 16/16 MP: 1/1
     0 | D:5      | Noticed an ice beast
    17 | D:4      | Noticed a bombardier beetle
    75 | D:4      | Noticed a bombardier beetle
    88 | D:3      | Noticed Grinder
   101 | D:3      | Slain by Grinder

Illustrated notes

Levels and vault maps discovered:
D:3:      layout_rooms, mainiacjoe_overflow_concentric_impassable, trog_wizard,
          uniq_grinder
D:4:      layout_loops_cross, kennysheep_mini, minmay_temple_entry_slanted,
          uniq_pikel
D:5:      layout_basic, lemuel_coloured_pillars_altar, fedhas_altar_4,
          minmay_quadrilaterals, uniq_menkaure

Action                     || total
---------------------------++-------
  Melee: Short sword       ||    10
         Constrict         ||     4
         Tentacles         ||     1
   Stab: Sleeping          ||     1
 Armour: Skin              ||     7
  Dodge: Dodged            ||     8

Table legend: (Time is in decaauts)
 A = Elapsed time spent in this place.
 B = Non-inter-level travel time spent in this place.
 C = Inter-level travel time spent in this place.
 D = Time resting spent in this place.
 E = Time spent auto-exploring this place.
 F = Levels seen in this place.
 G = Mean time per level.
                   A        B        C        D        E       F      G
               +--------+--------+--------+--------+--------+-----+--------+
         Total |     99 |     99 |      0 |     26 |      0 |   3 |   33.0 |
       Dungeon |     99 |     99 |      0 |     26 |      0 |   3 |   33.0 |
               +--------+--------+--------+--------+--------+-----+--------+

Top non-repeatable levels by time:
     D:4: 82 daAuts
     D:3: 12 daAuts
     D:5: 5 daAuts
